 Dungeon Crawl Stone Soup version 0.28.0-49-g6dfe1f597d (webtiles) character file.

Game seed: 5803415948405933129

34 pkoi the Ruffian (level 3, -1/29 HPs)
             Began as a Demigod Gladiator on May 18, 2022.
             Succumbed to a scorpion's poison
             ... on level 2 of the Dungeon.
             The game lasted 00:01:16 (2034 turns).

pkoi the Ruffian (Demigod Gladiator)                Turns: 2034, Time: 00:01:16

Health: -1/29      AC:  9    Str: 19    XL:     3   Next: 1%
Magic:  5/5        EV:  8    Int: 10    God:
Gold:   6          SH:  0    Dex: 15    Spells: 2/2 levels left

rFire   . . .      SeeInvis .   h - +0 dagger (flame)
rCold   . . .      Faith    .   (no shield)
rNeg    . . .      Spirit   .   g - +0 chain mail
rPois   .          Reflect  .   b - +0 helmet
rElec   .          Harm     .   (no cloak)
rCorr   .          Rampage  .   (no gloves)
Will    .....                   (no boots)
Stlth   ..........              (no amulet)
HPRegen 0.09/turn               (no ring)
MPRegen 0.09/turn               (no ring)

@: lethally poisoned (-1 -> -10)
A: high MP 1, forlorn, divine attributes
a: no special abilities


You were on level 2 of the Dungeon.
You visited 1 branch of the dungeon, and saw 2 of its levels.

You collected 6 gold pieces.

Inventory:

Hand Weapons
 h - a +0 dagger of flaming (weapon)
Missiles
 c - 2 throwing nets (quivered)
Armour
 a - a +0 leather armour
 b - a +0 helmet (worn)
 d - a +0 ring mail
 g - a +0 chain mail (worn)
Potions
 j - a potion of mutation {unknown}


   Skills:
 - Level 1.7 Fighting
 - Level 1.7 Throwing
 - Level 2.6 Dodging
 + Level 3.9 Unarmed Combat


You had 2 spell levels left.
You didn't know any spells.
Your spell library was empty.

Dungeon Overview and Level Annotations

Branches:
Dungeon (2/15)

Shops:
D:1 !


Innate Abilities, Weirdness & Mutations

You have an increased reservoir of magic. (+10% MP)
You shall have no god before yourself.
Your divine heritage dramatically boosts your attributes as you level up.


Message History

The scorpion is moderately wounded.
You feel sick.
The scorpion struggles against the net.
You hit the scorpion. You burn the scorpion.
The scorpion is moderately wounded.
You feel sick.
The scorpion struggles against the net.
You hit the scorpion. You burn the scorpion.
The scorpion is severely wounded.
You feel sick.
The scorpion struggles against the net.
The net rips apart, and the scorpion comes free!
The scorpion stings you but does no damage.
You barely miss the scorpion.
The scorpion is heavily wounded.
You feel sick. The scorpion stings you.
* * * LOW HITPOINT WARNING * * *
You closely miss the scorpion.
The scorpion is heavily wounded.
You feel sick.
You are no longer poisoned.
The scorpion stings you.
* * * LOW HITPOINT WARNING * * *
You closely miss the scorpion. Your punch misses the scorpion.
The scorpion is heavily wounded.
The scorpion stings you.
* * * LOW HITPOINT WARNING * * *
You are lethally poisoned!
The scorpion poisons you!
You hit the scorpion. You burn the scorpion.
The scorpion is severely wounded.
* * * LOW HITPOINT WARNING * * *
You feel very sick. The scorpion barely misses you.
You barely miss the scorpion.
The scorpion is severely wounded.
* * * LOW HITPOINT WARNING * * *
You feel sick.
The scorpion stings you but does no damage.
The scorpion barely misses you.
You hit the scorpion but do no damage.
The scorpion is severely wounded.
You die...

## ##s##
##.#@#
##.#.#.#
##.#.#.#.#
##.#.###.#.#
##.#.##
#.#.#
##.#.##
#.#.#
##.#.##
#.#.#
##.#.## #.#.
#.#.## #.


You could see a scorpion.

Vanquished Creatures
  6 ball pythons (D:1)
  4 endoplasms (D:1)
  A giant cockroach (D:1)
  5 goblins (D:1)
  4 hobgoblins
  3 jackals (D:1)
  2 bats (D:1)
  2 frilled lizards (D:1)
  2 rats
29 creatures vanquished.

Notes
Turn   | Place    | Note
-------+----------+-------------------------------------------
     0 | D:1      | pkoi the Demigod Gladiator began the quest for the Orb.
     0 | D:1      | Reached XP level 1. HP: 17/17 MP: 3/3
    99 | D:1      | Reached skill level 3 in Unarmed Combat
   624 | D:1      | Reached XP level 2. HP: 22/24 MP: 4/4
   931 | D:1      | Found Gimaasm's Distillery.
  1968 | D:2      | Reached XP level 3. HP: 29/29 MP: 5/5
  2020 | D:2      | Noticed a scorpion
  2033 | D:2      | HP: 1/29 [poisoned by a scorpion]
  2034 | D:2      | Succumbed to a scorpion's poison

Illustrated notes

Levels and vault maps discovered:
D:1:      amcnicky_arrival_single_pillar, layout_loops_cross, serial_shops,
          nicolae_shop_hallway_stairs, nicolae_ecumenical_snake_handling
D:2:      minmay_inner_zag, layout_basic, uniq_sigmund

Skill      XL: |  1 |
---------------+----+-----
Unarmed Combat | 3 |  3.9
Fighting       | |  1.7
Throwing       | |  1.7
Dodging        | |  2.6

Action                   || total
-------------------------++-------
Melee: Unarmed           ||   106
       Dagger            ||    18
Throw: Throwing net      ||     2
  Use: Scroll            ||     3
Armor: Leather armour    ||    25
       Chain mail        ||    24
       Ring mail         ||     3
Dodge: Dodged            ||    60
